Map: Pride of Altaris LE

Players

LOTVoidTARD - Winner!

  • Race: Protoss Protoss

VOD

Have the link to the VOD?

Description

Time

  • Played on: March 9, 2022, 2:45 a.m.
  • Length: 10:38
Show
View Real Time Build Order
Export as new Build Order

LOTVoidTARD Protoss - Winner!

Build Orders:  

Get SALT Encoding   

  12  0:03  Probe (Chrono Boost)  
  14  0:20  Probe (Chrono Boost)  
  14  0:25  Pylon  
  14  0:36  Probe (Chrono Boost)  
  15  0:47  Probe (Chrono Boost)  
  15  0:53  Gateway  
  15  0:59  Probe (Chrono Boost)  
  16  1:05  Assimilator  
  17  1:14  Probe (Chrono Boost)  
  17  1:18  Assimilator  
  19  1:31  Probe (Chrono Boost)  
  19  1:38  Gateway  
  19  1:48  Probe (Chrono Boost)  
  20  1:59  Cybernetics Core  
  20  2:05  Probe (Chrono Boost)  
  21  2:10  Pylon  
  21  2:23  Probe (Chrono Boost)  
  22  2:43  Probe (Chrono Boost)  
  23  2:50  Stalker x2  
  27  3:03  Pylon  
  27  3:32  Stalker x2  
  31  3:52  Warp Gate (Chrono Boost)  
  31  3:54  Nexus  
  31  4:14  Stalker  
  31  4:16  Stalker  
  35  4:27  Pylon  
  35  4:44  Twilight Council  
  35  5:12  Stalker x2  
  39  5:22  Probe  
  40  5:45  Probe (Chrono Boost)  
  40  5:46  Probe (Chrono Boost)  
  40  5:47  Stalker  
  40  5:48  Stalker  
  46  5:56  Probe x2 (Chrono Boost)  
  36  6:21  Stalker x2  
  38  6:38  Probe x2  
  38  6:54  Stalker x2  
  38  6:55  Probe  
  38  6:57  Probe  
  44  7:12  Probe  
  44  7:14  Probe  
  46  7:22  Gateway  
  46  7:29  Probe, Stalker  
  49  7:30  Stalker  
  49  7:33  Blink (Chrono Boost)  
  49  7:36  Probe  
  52  7:45  Probe  
  52  7:49  Gateway  
  53  7:57  Probe  
  54  8:02  Probe  
  54  8:08  Stalker x2  
  57  8:18  Probe  
  57  8:19  Probe  
  59  8:22  Pylon  
  59  8:23  Pylon  
  59  8:41  Stalker  
  59  8:49  Assimilator  
  61  8:51  Stalker  
  61  8:52  Stalker  
  61  8:55  Probe x2  
  61  8:59  Assimilator  
  67  9:01  Pylon  
  67  9:17  Stalker x2  
  71  9:24  Stalker  
  71  9:44  Probe x2  
  73  9:57  Pylon x2  
  73  9:58  Nexus  
  73  10:01  Probe  
  73  10:05  Stalker x2  
  73  10:06  Stalker  
  80  10:11  Stalker  
Tags
 
Add a new tag
Caveats
  • Supply blocks, unpowered buildings, or Contaminate may cause inaccurate times.
  • Supply counts are checked every 10 seconds.